woodfighter, chaotic female giant Barbarian -- #..... --+-- ###|*.@. |.<.| # |...t |`...#### |...| ----- woodfighter the Bandit Experience level: 8 Strength: 18 Dexterity: 18 Constitution: 21 Intelligence: 7 Wisdom: 8 Charisma: 6 Health: 0(89) Energy: 18(18) Def: 14 Gold: 0 Moves: 19374 Dungeon seed: BjfD6q0AJcTXuyup Game ID: woodfighter_1535388423 Your Inventory: Amulets M - an uncursed amulet of flying (being worn) Weapons a - a +0 battle-axe (weapon in hand) t - 2 +0 elven daggers (alternate weapon; not wielded) Armor e - an uncursed thoroughly rusty +0 dented pot (being worn) n - a blessed +1 elven shield (being worn) I - an uncursed +0 pair of leather gloves N - an uncursed +0 pair of elven boots (being worn) Y - an uncursed +2 dwarvish cloak Comestibles h - 2 uncursed food rations p - an uncursed soldier ant egg x - 3 uncursed tripe rations G - an uncursed sprig of wolfsbane J - 3 uncursed eggs Z - an uncursed lizard corpse Rings j - an uncursed ring of fire resistance (on left hand) w - an uncursed ring of free action (on right hand) Wands d - a wand of fire (0:3) f - a wand of digging (0:7) U - a wand of cold (0:4) Tools b - an uncursed stethoscope c - an uncursed oil lamp (0:1005) l - a +0 pick-axe s - a cursed sack y - an uncursed skeleton key D - an uncursed tooled horn W - an uncursed towel Gems z - an uncursed luckstone Q - an uncursed touchstone Boulders/Statues k - an uncursed boulder o - an uncursed boulder q - an uncursed boulder r - an uncursed boulder u - an uncursed boulder Contents of the sack: 1101 gold pieces an uncursed +0 mummy wrapping an uncursed eucalyptus leaf an uncursed lizard corpse a [uncursed] scroll of blank paper an uncursed scroll of create monster a [uncursed] scroll of gold detection a cursed scroll of identify a [uncursed] scroll of identify an uncursed scroll of light an uncursed scroll of remove curse an uncursed scroll of teleportation an uncursed potion of booze an uncursed potion of gain ability a [uncursed] potion of gain level 2 uncursed potions of object detection an uncursed potion of water Spells and supernatural/magical abilities: Name Level Category Fail Memory W - pray for help -- divine ? -- Your skills at the end: Miscellaneous Skills bare handed combat [Basic] Weapon Skills axe [Expert] short sword [Basic] sling [Basic] Spellcasting Skills Final Attributes: You were piously aligned. You were fire resistant. You were cold resistant. You were poison resistant. You were hallucinating. Your writing hand was ok. You saw invisible. You were telepathic. You had infravision. You were invisible to others. You were stealthy. You could fly. You were protected. You were fast. You had free action. You were lucky. You had extra luck. Bad luck did not time out for you. Good luck did not time out for you. You are dead. Vanquished creatures: a vampire lord a lurker above a golden naga a vampire 2 ghosts a queen bee 3 giant mimics an ice troll a doppelganger 2 stalkers an air elemental a giant zombie 8 wargs 2 small mimics an island nymph a warhorse 2 xans 5 trolls 2 sasquatches a wood golem 2 large dogs a freezing sphere a flaming sphere 3 shocking spheres a large cat 2 tigers 2 gargoyles 3 tengu a gelatinous cube a crocodile a chameleon a mountain centaur a Grey-elf 5 wraiths 3 ettin zombies a succubus 2 giant beetles a cockatrice 2 wolves 4 winter wolf cubs 4 black lights a lynx 2 panthers a gremlin 6 leprechauns 2 quivering blobs 2 lizards an orc-captain a mumak 4 giant spiders a scorpion a horse an ice vortex 2 vampire bats a forest centaur 4 gnome kings 2 orc mummies a dwarf mummy 5 Green-elves 2 rust monsters an owlbear 2 werewolves 3 piranhas a dog a dingo 4 housecats a dwarf lord 3 blue jellies a water nymph a dust vortex a raven 2 plains centaurs 4 gnome mummies a Woodland-elf 2 snakes an ape 5 human zombies a rope golem 7 fire ants a yellow light 3 bugbears an imp 8 Mordor orcs 7 Uruk-hai 8 orc shamans 3 rock moles 2 rock piercers a pony 5 fog clouds 2 shriekers 3 violet fungi 16 gnome lords 8 gnomish wizards 4 kobold mummies 3 black naga hatchlings 2 golden naga hatchlings a gray ooze a barrow wight 4 elf zombies a ghoul 2 paper golems a puppy 5 floating eyes 4 kittens 23 dwarves a homunculus 2 kobold shamans 5 iguanas 6 hill orcs 2 rothes 3 jitterbugs 2 giant bats 8 orc zombies 9 dwarf zombies 3 werejackals 20 killer bees a coyote a gas spore 9 hobbits 3 acid blobs 3 large kobolds 10 geckos 4 hobgoblins a giant rat 3 cave spiders 3 brown molds 2 yellow molds 2 green molds 67 gnomes 8 garter snakes 3 manes 2 gnome zombies 12 jackals 2 foxes 5 kobolds 8 newts 5 goblins 7 sewer rats 20 grid bugs 5 bats 3 lichens 3 kobold zombies and a partridge in a pear tree 534 creatures vanquished. Voluntary challenges: You did not have reflection. You were not displaced. You had been an atheist until turn 2851. You used a wielded weapon 864 times, starting on turn 239. You did not apply a unicorn horn. You did not use plumbed fixtures. You did not drink any magical draughts. You read items or engraved 7 times, starting on turn 4051. You never genocided any monsters. You never polymorphed an object. You never changed form. You cheated 1 time but completed Sokoban on turn 8045. You used no wishes. You never split a pudding. You never wrote Elbereth's name. You never violated your personal moral code. Dungeon overview: The Dungeons of Doom: levels 1 to 19 Level 1 a fountain a long staircase Level 2 Level 3 a fountain stairs to The Gnomish Mines Level 4 a weapon shop Level 5 (vault) Level 6 a fountain Level 7 a fountain Level 8 many fountains Level 9 (black unicorn) a fountain stairs to Sokoban Level 10 (water) an altar to Crom Level 11 some fountains Level 12 Level 13 Level 14 (quest) a fountain portal to The Quest Level 15 (throne) a sink, a throne Level 16 Level 17 (throne + vault) an altar to Crom Level 18 a fountain, a sink Level 19 <- You were here The Gnomish Mines: levels 4 to 12 Level 4 stairs to The Dungeons of Doom Level 5 Level 6 Level 7 many shops, a temple to Mitra, a magic chest, some fountains Level 8 Level 9 Level 10 Level 11 Level 12 many altars to Moloch, a magic chest, some fountains The Quest: Level 1 portal to The Dungeons of Doom Sokoban: levels 5 to 8 Level 5 a magic chest Level 6 Level 7 Level 8 an altar to Set, a magic chest stairs to The Dungeons of Doom History has recorded: On T:1 you entered the Dungeons of Doom to retrieve the Amulet of Yendor! On T:237 you reached level 2 of The Dungeons of Doom. On T:1060 you advanced to experience level 2. On T:1153 you reached level 3 of The Dungeons of Doom. On T:1379 you reached level 4 of The Dungeons of Doom. On T:1517 you advanced to experience level 3. On T:1726 you reached level 1 of The Gnomish Mines. On T:1941 you reached level 5 of The Dungeons of Doom. On T:2785 you reached level 6 of The Dungeons of Doom. On T:2851 you prayed to Set. On T:2931 you advanced to experience level 4. On T:3920 you advanced to experience level 5. On T:4273 you reached level 7 of The Dungeons of Doom. On T:4946 you prayed to Set. On T:5255 you reached level 8 of The Dungeons of Doom. On T:5495 you advanced to experience level 6. On T:5577 you reached level 9 of The Dungeons of Doom. On T:5942 you prayed to Set. On T:6060 you reached level 4 of Sokoban. On T:6182 you opened a magic chest. On T:6410 you advanced to experience level 7. On T:6593 you reached level 3 of Sokoban. On T:7088 you reached level 2 of Sokoban. On T:7497 you reached level 1 of Sokoban. On T:7634 you advanced to experience level 8. On T:8045 you entered the Sokoban zoo. On T:9567 you reached level 2 of The Gnomish Mines. On T:9706 you reached level 4 of The Gnomish Mines. On T:9877 you advanced to experience level 9. On T:9970 you reached level 5 of The Gnomish Mines. On T:10096 you entered the Minetown temple On T:10258 you reached level 3 of The Gnomish Mines. On T:11161 you reached level 6 of The Gnomish Mines. On T:11592 you reached level 7 of The Gnomish Mines. On T:11999 you reached level 8 of The Gnomish Mines. On T:12326 you reached level 9 of The Gnomish Mines. On T:12326 you reached the bottom of the Mines. On T:13626 you advanced to experience level 10. On T:14462 you reached level 10 of The Dungeons of Doom. On T:14809 you reached level 11 of The Dungeons of Doom. On T:15068 you reached level 12 of The Dungeons of Doom. On T:15295 you reached level 13 of The Dungeons of Doom. On T:15562 you reached level 14 of The Dungeons of Doom. On T:15653 you prayed to Set. On T:15826 you reached level 15 of The Dungeons of Doom. On T:15849 you reached level 1 of The Quest. On T:16391 you reached level 16 of The Dungeons of Doom. On T:16391 you entered the Rogue tribute level. On T:17887 you reached level 17 of The Dungeons of Doom. On T:18373 you advanced to experience level 11. On T:18696 you reached level 18 of The Dungeons of Doom. On T:19018 you reached level 19 of The Dungeons of Doom. Score breakdown: Gold: 1101 ( 110 points) Experience: 8 levels ( 700 points) Exploration: 19 levels ( 540 points) Discoveries: 43 items ( 2000 points) Variety of kills: 142 monsters ( 2000 points) Major goal: Sokoban/Mines ( 1500 points) Survival: died (score multiplied by 3) Total score: 20550 Latest messages: The creeper embarrasses you! The flesh golem bites! You swing your battle-axe in a wide arc. You pester the giant ant! The giant mimic pardons you. The Uruk-hai embarrasses you. The nurse eviscerates you. You swing your battle-axe in a wide arc. You bully the Evil Iggy! The baby crocodile pardons you! The mumak pesters you! The barrow wight bites! You swing your battle-axe in a wide arc. You kill the gnome! You see here a gargoyle corpse. The baby yellow dragon bumps right into you! You swing your battle-axe in a wide arc. You bully the plains centaur! The robot vaporizes you! King Kong bites! Goodbye level 10. You swing your battle-axe in a wide arc. You devour the gnu! The troll devours you. The mother-in-law bites! Goodbye level 9. You die... Final status: Goodbye woodfighter the Barbarian, killed by a hallucinogen-distorted vampire... You died in The Dungeons of Doom on dungeon level 19 with 20550 points, and 1101 pieces of gold, after 19374 moves. You were level 8 with a maximum of 89 hit points when you died.